 Dungeon Crawl Stone Soup version 0.19.5 (webtiles) character file.

19251 Jerry the Grappler (level 12, 0/118 (119) HPs)
             Began as a Troll Monk on Apr 9, 2017.
             Killed from afar by a lindwurm (29 damage)
             ... with a blast of flame
             ... on level 2 of the Lair of Beasts.
             The game lasted 00:35:54 (12777 turns).

Jerry the Grappler (Troll Monk)                    Turns: 12777, Time: 00:35:55

HP:   0/118 (119)   AC: 10    Str: 26    XL:     12   Next: 34%
MP:   11/11         EV: 14    Int:  9    God:
Gold: 510           SH:  5    Dex: 13    Spells: 0 memorised, 11 levels left

rFire  . . .     SeeInvis +       - Unarmed
rCold  + + .     Gourm    +     q - +0 steam dragon scales
rNeg   + . .     Faith    .     (no shield)
rPois  +         Spirit   .     (helmet restricted)
rElec  .         Reflect  +     i - +1 cloak
rCorr  .         Harm     .     (gloves unavailable)
MR     +....                    (boots unavailable)
Stlth  +++.......               j - +5 amulet of reflection
                                I - ring "Kegoo" {rC+ rN+}
                                M - ring of Eppi {+Blink rPois Str+4 SInv}

@: no status effects
A: unfitting armour, claws 3, blurry vision 1, cold resistance 1, fast
metabolism 3, gourmand, magic resistance 1, regeneration 1, shaggy fur 1, tough
skin 2
a: Evoke Blink


You were on level 2 of the Lair of Beasts.
You were completely stuffed.

You visited 3 branches of the dungeon, and saw 14 of its levels.
You also visited: Labyrinth.

You collected 635 gold pieces.
You spent 125 gold pieces at shops.

Inventory:

Hand Weapons
 F - the +1 trident "Ytzipra" {speed, SInv}
   (You took it off an orc on level 9 of the Dungeon)

   Attacks with this weapon are significantly faster.
   It lets you see invisible.
Armour
 i - a +1 cloak (worn)
 q - +0 steam dragon scales (worn)
 x - the +0 robe "Amixues" {rElec rF++ rCorr Int-5}
   (You bought it in a shop on level 4 of the Dungeon)

   It affects your intelligence (-5).
   It greatly protects you from fire.
   It insulates you from electricity.
   It protects you from acid and corrosion.
Jewellery
 j - a +5 amulet of reflection (around neck)
 I - the ring "Kegoo" (right claw) {rC+ rN+}
   (You found it on level 10 of the Dungeon)

   [ring of positive energy]

   It protects you from cold.
   It protects you from negative energy.
 M - the ring of Eppi (left claw) {+Blink rPois Str+4 SInv}
   (You found it in a labyrinth)

   [ring of see invisible]

   It affects your strength (+4).
   It protects you from poison.
   It lets you see invisible.
   It lets you blink.
Wands
 p - a wand of polymorph (16/24)
 r - a wand of paralysis (18/24)
 u - a wand of iceblast (11/15)
 y - a wand of digging (24/24)
 B - a wand of lightning (7/15)
 D - a wand of random effects (22/48)
 E - a wand of flame (30/48)
 H - a wand of flame (27/48)
 K - a wand of paralysis (18/24)
 L - a wand of acid (6/15)
 P - a wand of lightning (0/15)
 S - a wand of lightning (6/15)
Scrolls
 c - 7 scrolls of remove curse
 e - a scroll of fear
 g - 3 scrolls of enchant weapon
 h - 5 scrolls of amnesia
 n - 5 scrolls of teleportation
 o - 3 scrolls of immolation
 v - 4 scrolls of enchant armour
 A - a scroll of identify
 J - a scroll of fog
Potions
 a - 2 potions of flight
 d - 2 potions of heal wounds
 f - 3 potions of brilliance
 s - a potion of cancellation
 t - a potion of resistance {unknown}
 w - a potion of haste {unknown}
 z - a potion of lignification {unknown}
 C - 5 potions of curing {unknown}
Books
 k - a Young Poisoner's Handbook

   Spells                             Type                      Level
   a - Sting                          Conjuration/Poison           1
   b - Mephitic Cloud                 Conjuration/Poison/Air       3
   c - Olgreb's Toxic Radiance        Poison                       4
   d - Alistair's Intoxication        Transmutation/Poison         5
   e - Venom Bolt                     Conjuration/Poison           5
Comestibles
 b - 6 bread rations
 l - a fruit
 m - 6 meat rations
 G - 7 chunks of flesh


   Skills:
 + Level 8.1 Fighting
 + Level 8.3 Dodging
 + Level 5.9 Stealth
 * Level 13.2 Unarmed Combat


You had 11 spell levels left.
You didn't know any spells.

Dungeon Overview and Level Annotations

Branches:
Dungeon (11/15)            Temple (1/1) D:5            Lair (2/6) D:11
  Snake (0/4) Lair:2          Orc (0/2) D:10
  Swamp: Lair:2-4    Shoals: Lair:2-4

Altars:
Ashenzari
Cheibriados
Dithmenos
Elyvilon
Fedhas
Gozag
Hepliaklqana
Kikubaaqudgha
Makhleb
Nemelex Xobeh
Okawaru
Qazlal
Ru
Sif Muna
Trog
Uskayaw
Vehumet
Xom
Yredelemnul
Zin
The Shining One

Shops:
D:4 [


Innate Abilities, Weirdness & Mutations

You are too large for most types of armour.
You have claws for hands.
Your metabolism is lightning-fast.
You like to eat raw meat.
Your natural rate of healing is unusually fast.
You are covered in fur. (AC +1)
You have very tough skin. (AC +2)
Scrolls take you a little longer to read.
Your flesh is cold resistant. (rC+)
You are resistant to hostile enchantments. (MR+)


Message History

You hear a mighty clap of thunder!
The bolt of lightning hits the lindwurm.
The lindwurm is moderately wounded.
The bolt of lightning hits the lindwurm.
The lindwurm is heavily wounded.
Evoking this partially-identified wand wasted a few charges.
The jumping spider leaps!
The jumping spider closely misses you.
The jumping spider bites you but does no damage.
You closely miss the jumping spider.
The jumping spider completely misses you.
The jumping spider bites you but does no damage.
You barely miss the jumping spider. The jumping spider misses you.
The jumping spider bites you.
The jumping spider leaps!
The lindwurm breathes flames at you. The blast of flame hits you!
* * * LOW HITPOINT WARNING * * *
The lindwurm breathes flames at you. The blast of flame hits you!
You die...

...................#...P##.......
................................#
..........................#.....#
.............##................##
..§.....≈.....#.................#
..§....≈≈.........##..P...P......
..§.≈≈≈≈§≈≈≈≈≈....s..............
.§≈≈§§≈≈≈≈≈§≈§...................
.§§≈§≈≈≈§§§§§≈§.@................
≈§≈§§≈≈≈§≈§≈§§≈≈≈................
§§≈≈§≈.F.§§≈≈≈≈≈.................
§≈≈≈k§F##§.k≈≈≈≈≈≈.)P##..........
≈§≈≈..####.k§§≈≈≈≈...#...........
≈§≈..#.)k.#.k≈§§§§...#...........
§≈§.##[:):##.≈§§≈≈≈..............
≈≈≈.## ##.≈≈§§≈...>.........†.
§≈≈§.#. .#..≈≈≈≈...##........<..


You could see 3 lindwurms and a jumping spider.

Vanquished Creatures
  A minotaur (Lab)
  2 hydras
  An unseen horror (D:11)
  2 hill giants (D:10)
  A cyclops (D:11)
  Joseph (D:8)
  A black mamba (Lair:1)
  2 spiny frogs (Lair:2)
  A gargoyle (D:10)
  The ghost of Peloso the Shield-Bearer, an amateur MiFi of Okawaru (D:5)
  Prince Ribbit (Lair:1)
  4 hippogriffs
  9 blink frogs
  A wraith (D:10)
  3 wyverns
  A basilisk (Lair:2)
  13 yaks
  A steam dragon (D:8)
  4 hungry ghosts (Lab)
  3 nagas (Lair:2)
  4 wargs (D:9)
  7 water moccasins
  4 porcupines
  A black bear (D:7)
  2 orc warriors (D:6)
  A sky beast (D:9)
  A hornet zombie (D:10)
  An ice beast (D:10)
  An eye of draining (D:11)
  7 ogres
  4 necrophages (D:10)
  2 phantoms
  5 centaurs
  5 crocodiles
  A big kobold (D:8)
  4 bullfrogs
  2 wyvern skeletons
  A scorpion (D:10)
  6 killer bees
  5 wights (D:10)
  A howler monkey (D:4)
  2 vampire bats (D:8)
  5 crimson imps
  6 centaur zombies
  3 hounds
  A quasit (D:6)
  4 centaur skeletons
  3 orc priests (D:11)
  2 bullfrog zombies
  2 jellies
  4 orc wizards
  A bullfrog skeleton (D:4)
  An iguana (D:4)
  7 worker ants
  A killer bee zombie (D:10)
  A hound zombie (D:8)
  A hound skeleton (D:5)
  A worker ant zombie (D:10)
  12 adders
  A howler monkey skeleton (D:9)
  4 shadow imps
  2 adder skeletons
  An adder zombie (D:3)
  5 worms
  A dart slug (D:3)
  7 leopard geckos
  21 orcs
  4 ball pythons
  9 bats
  4 bat skeletons (D:8)
  2 bat zombies (D:8)
  5 giant cockroaches
  11 goblins
  5 hobgoblins
  16 jackals
  4 quokkas
  8 frilled lizards
  A jackal skeleton (D:5)
  13 kobolds
  2 quokka skeletons
  12 rats
313 creatures vanquished.

Vanquished Creatures (others)
  A goblin (D:2)
1 creature vanquished.

Grand Total: 314 creatures vanquished

Notes
Turn   | Place    | Note
-------+----------+-------------------------------------------
     0 | D:1      | Jerry the Troll Monk began the quest for the Orb.
     0 | D:1      | Reached XP level 1. HP: 22/22 MP: 0/0
   355 | D:1      | Reached XP level 2. HP: 29/29 MP: 1/1
   907 | D:2      | Reached XP level 3. HP: 31/36 MP: 2/2
   914 | D:2      | Reached skill level 4 in Unarmed Combat
  1145 | D:2      | Found a shattered altar of Ashenzari.
  1145 | D:2      | Found a basalt altar of Yredelemnul.
  1179 | D:2      | Reached XP level 4. HP: 44/44 MP: 3/3
  1933 | D:3      | Reached skill level 5 in Unarmed Combat
  1933 | D:3      | Reached XP level 5. HP: 50/50 MP: 4/4
  1951 | D:3      | Found a stormy altar of Qazlal.
  2262 | D:3      | Found a sparkling altar of Nemelex Xobeh.
  2476 | D:3      | Found a shadowy altar of Dithmenos.
  2716 | D:4      | Reached XP level 6. HP: 56/59 MP: 5/5
  2967 | D:4      | Found Eson's Antique Armour Emporium.
  2980 | D:4      | Bought a creamy pearl robe for 125 gold pieces
  2980 | D:4      | Identified the +0 robe "Amixues" {rElec rF++ rCorr Int-5} (You bought it in a shop on level 4 of the Dungeon)
  3190 | D:5      | Entered Level 5 of the Dungeon
  3259 | D:5      | Noticed Peloso's ghost (amateur MiFi)
  3280 | D:5      | Killed Peloso's ghost
  3280 | D:5      | Reached skill level 6 in Unarmed Combat
  3280 | D:5      | Reached XP level 7. HP: 44/67 MP: 6/6
  3728 | D:5      | Reached skill level 7 in Unarmed Combat
  3748 | D:5      | Reached XP level 8. HP: 78/78 MP: 7/7
  3946 | D:5      | Found a radiant altar of Vehumet.
  3947 | D:5      | Found a blossoming altar of Fedhas.
  3963 | D:5      | Found a staircase to the Ecumenical Temple.
  3976 | Temple   | Entered the Ecumenical Temple
  4184 | D:6      | Found a hide-covered altar of Uskayaw.
  4592 | D:6      | Found a glowing golden altar of the Shining One.
  5255 | D:6      | Reached skill level 8 in Unarmed Combat
  5345 | D:6      | HP: 3/79 [poisoned by a killer bee]
  5350 | D:6      | HP: 3/79 [poisoned by a killer bee]
  5355 | D:6      | HP: 3/79 [poisoned by a killer bee]
  5568 | D:7      | Reached XP level 9. HP: 32/85 MP: 8/8
  5838 | D:7      | Reached skill level 5 in Dodging
  6085 | D:7      | Found a shimmering altar of Xom.
  6497 | D:8      | Reached skill level 5 in Fighting
  6497 | D:8      | Reached skill level 9 in Unarmed Combat
  6638 | D:8      | Noticed Joseph
  6647 | D:8      | Killed Joseph
  6809 | D:8      | Noticed a balrug
  6810 | D:8      | Found a burning altar of Makhleb.
  6813 | D:8      | Found a glowing silver altar of Zin.
  6813 | D:8      | Noticed an angel
  7468 | D:8      | Found an ancient bone altar of Kikubaaqudgha.
  7558 | D:9      | Reached skill level 10 in Unarmed Combat
  7558 | D:9      | Reached XP level 10. HP: 92/98 MP: 9/9
  8309 | D:9      | Got a jewelled trident {speed}
  8310 | D:9      | Identified the cursed +1 trident "Ytzipra" {speed, SInv} (You took it off an orc on level 9 of the Dungeon)
  8337 | D:10     | Entered Level 10 of the Dungeon
  8337 | D:10     | Found a staircase to the Orcish Mines.
  8404 | D:9      | Gained mutation: You expend magic power (3 MP) to strengthen your wands. [mutagenic meat]
  8405 | D:9      | Gained mutation: Your flesh is cold resistant. (rC+) [mutagenic meat]
  8406 | D:9      | Gained mutation: You are resistant to hostile enchantments. (MR+) [mutagenic meat]
  8407 | D:9      | Lost mutation: You expend magic power (3 MP) to strengthen your wands. [mutagenic meat]
  8408 | D:9      | Gained mutation: Scrolls take you a little longer to read. [mutagenic meat]
  8767 | D:10     | Noticed a hill giant
  8786 | D:10     | Killed a hill giant
  8825 | D:10     | Found a shimmering altar of Xom.
  8872 | D:10     | Reached skill level 11 in Unarmed Combat
  8926 | D:10     | Got a wavering steel ring
  8972 | D:10     | Noticed a gargoyle
  8980 | D:10     | Killed a gargoyle
  8984 | D:10     | Reached XP level 11. HP: 86/106 MP: 10/10
  9129 | D:10     | Noticed a hill giant
  9139 | D:10     | Killed a hill giant
  9512 | D:11     | Reached skill level 5 in Stealth
  9588 | D:11     | Found a staircase to the Lair.
  9711 | D:11     | Found a labyrinth entrance.
  9729 | Lab      | Entered a labyrinth
  9764 | Lab      | Reached skill level 12 in Unarmed Combat
  9900 | Lab      | Identified the ring "Kegoo" {rC+ rN+} (You found it on level 10 of the Dungeon)
  9949 | Lab      | Noticed a minotaur
  9963 | Lab      | Killed a minotaur
  9966 | Lab      | Got a crystal battleaxe {freeze}
  9972 | Lab      | Got a warped marble ring
  9973 | Lab      | Got a slimy war axe
 10251 | D:11     | Noticed an unseen horror
 10257 | D:11     | Killed an unseen horror
 10725 | D:11     | Identified the ring of Eppi {+Blink rPois Str+4 SInv} (You found it in a labyrinth)
 10809 | Lair:1   | Entered Level 1 of the Lair of Beasts
 10898 | Lair:1   | Noticed a six-headed hydra
 11094 | Lair:1   | Noticed Prince Ribbit
 11120 | Lair:1   | Killed Prince Ribbit
 11513 | Lair:1   | Killed a six-headed hydra
 11513 | Lair:1   | Reached XP level 12. HP: 25/117 MP: 11/11
 12287 | Lair:2   | Found a staircase to the Snake Pit.
 12323 | Lair:2   | Reached skill level 13 in Unarmed Combat
 12463 | Lair:2   | Noticed a four-headed hydra
 12479 | Lair:2   | Killed a four-headed hydra
 12777 | Lair:2   | Killed from afar by a lindwurm

Skill      XL: |  1  2  3  4  5  6  7  8  9 10 11 12 |
---------------+-------------------------------------+-----
Unarmed Combat | 4 5 6 7 8 10 11 12 13 | 13.2
Dodging        | 3 4 5 6 7 8 |  8.3
Fighting       | 3 4 5 6 7 8 |  8.1
Stealth        | 2 3 4 5 |  5.9

Action                   |  1- 3 |  4- 6 |  7- 9 | 10-12 || total
-------------------------+-------+-------+-------+-------++-------
Melee: Unarmed           |    76 |   187 |   291 |   458 ||  1012
       Punch             |     1 |     7 |     9 |    33 ||    50
       Trident           |       |       |       |    28 ||    28
Evoke: Wand              |       |       |       |     9 ||     9
  Use: Scroll            |     1 |     4 |    18 |     8 ||    31
       Potion            |       |       |     2 |     3 ||     5
 Stab: Sleeping          |     5 |     2 |    13 |    11 ||    31
  Eat: Chunk             |    16 |    19 |    40 |    51 ||   126
       Fruit             |       |       |       |     4 ||     4
       Pizza             |       |       |       |     2 ||     2
       Beef jerky        |       |       |       |     1 ||     1
Armor: Robe              |    21 |    51 |    38 |       ||   110
       Steam dragon scal |       |       |    26 |   102 ||   128
Dodge: Dodged            |    29 |    80 |   169 |   225 ||   503
Block: Other             |     1 |    33 |    64 |    61 ||   159
       Reflection        |       |     2 |     1 |       ||     3
